 Dungeon Crawl Stone Soup version 0.13-a0-2398-gfa67c8a (webtiles) character file.

219 M4edhros the Sneak (level 5, 0/34 HPs)
             Began as an Octopode Artificer on July 15, 2013.
             Slain by an adder (5 damage)
             ... on Level 2 of the Dungeon.
             The game lasted 00:01:25 (1184 turns).

M4edhros the Sneak (Octopode Artificer)             Turns: 1184, Time: 00:01:25

HP   0/34        AC  1     Str 11      XL: 5   Next:  4%
MP   7/7         EV 11     Int 15      God:
Gold 99          SH  7     Dex 12      Spells:  0 memorised,  4 levels left

Res.Fire  : . . .   See Invis. : .   a - +0 short sword
Res.Cold  : . . .   Warding    : .   k - +1 buckler
Life Prot.: . . .   Conserve   : .   (helmet restricted)
Res.Poison: .       Res.Corr.  : .   (no amulet)
Res.Elec. : .       Clarity    : .   (no ring)
Sust.Abil.: . .     Spirit.Shd : .   (no ring)
Res.Mut.  : .       Stasis     : .   (no ring)
Res.Rott. : .       Flight     : .   (no ring)
Saprovore : . . .                    (no ring)
                                     (no ring)
                                     (no ring)
                                     (no ring)

@: mildly poisoned, slightly resistant to hostile enchantments, very stealthy
A: almost no armour, amphibious, 8 rings, constrict 8, camouflage 1, AC +1
a: no special abilities


You were on level 2 of the Dungeon.
You were hungry.

You visited 1 branch of the dungeon, and saw 2 of its levels.

You collected 79 gold pieces.

Inventory:

Hand weapons
 a - a +0,+0 short sword (weapon)
Armour
 k - a +1 buckler (worn)
Magical devices
 b - a wand of flame (14)
 c - a wand of enslavement (14)
 d - a wand of random effects (15)
Comestibles
 f - 2 bread rations
 g - a choko
 q - 12 grapes
Scrolls
 e - a scroll of fog {unknown}
 h - 2 scrolls of curse armour {unknown}
 i - a scroll of fear {unknown}
 l - a scroll of identify {unknown}
 m - a scroll of blinking {unknown}
 n - a scroll of noise {unknown}
 o - 2 scrolls of remove curse {unknown}
 p - a scroll of enchant armour {unknown}


   Skills:
 - Level 1.0 Fighting
 + Level 2.8 Short Blades
 - Level 2.0 Dodging
 * Level 5.4 Stealth
 - Level 2.1 Traps
 - Level 3.2 Evocations


You had 4 spell levels left.
You didn't know any spells.

Dungeon Overview and Level Annotations

Branches:
Dungeon (2/27)

Altars:


Innate Abilities, Weirdness & Mutations

You cannot wear most types of armour.
You are amphibious.
You can wear up to eight rings at the same time.
You can use your tentacles to constrict many enemies at once.
Your skin changes colour to match your surroundings (Stlth).
Your rubbery body absorbs attacks (AC +1).


Message History

Press: ? - help, Shift-Dir - straight line, f - adder
Aim: an adder The puff of flame hits Sigmund.
You kill Sigmund!
Your Stealth skill increases to level 5!
You have reached level 4!
You have reached level 5!
You feel stronger.
This wand has 14 charges left.
* * * LOW HITPOINT WARNING * * *
You feel sick. The adder bites you but does no damage. The adder bites you.
* * * LOW HITPOINT WARNING * * *
Evoke which item? (* to show all) (? for menu, Esc to quit)
Zapping:
c - a wand of enslavement (15)
Press: ? - help, Shift-Dir - straight line, f/p - adder
Aim: an adder Nothing appears to happen.
This wand has 14 charges left.
You feel less confused. The adder bites you.
You die...

#### ###...########..
.........).......
#....S@...# ### ###.#.###.#
#.. .#.#.# #.# ####.#.#.###
#.####..#...#.#.# .
#.#........##.#.#######+#
.##.#.#..................>#
.#..#.#.)....##.#.........#
.#........## #.####......#


You could see an adder.

Vanquished Creatures
  Sigmund (D:2)
  2 adders (D:2)
  4 bats
  A giant cockroach (D:1)
  5 goblins
  4 hobgoblins (D:1)
  2 quokkas (D:2)
  5 kobolds
  4 rats
28 creatures vanquished.

Notes
Turn   | Place    | Note
--------------------------------------------------------------
     0 | D:1      | M4edhros, the Octopode Artificer, began the quest for the Orb.
     0 | D:1      | Reached XP level 1. HP: 14/14 MP: 1/1
   503 | D:1      | Reached XP level 2. HP: 19/19 MP: 3/3
  1032 | D:2      | Reached XP level 3. HP: 17/24 MP: 4/4
  1105 | D:2      | Reached skill level 4 in Stealth
  1172 | D:2      | Noticed Sigmund
  1183 | D:2      | Killed Sigmund
  1183 | D:2      | Reached skill level 5 in Stealth
  1183 | D:2      | Reached XP level 4. HP: 7/29 MP: 6/6
  1183 | D:2      | Reached XP level 5. HP: 8/34 MP: 7/7
  1184 | D:2      | Slain by an adder

Action                   |  1- 3 |  4- 6 || total
-------------------------+-------+-------++-------
Melee: Short sword       |    66 |       ||    66
Evoke: Wand              |       |     2 ||     2
  Use: Potion            |     2 |       ||     2
 Stab: Sleeping          |     6 |       ||     6
